 Dungeon Crawl Stone Soup version 0.28.0-43-g3370ac3207 (webtiles) character file.

Game seed: 11771724101819368691

18 zeref the Grave Robber (level 2, 0/19 HPs)
             Began as a Vampire Necromancer on Mar 25, 2022.
             Slain by a kobold
             ... wielding a +0 short sword
              (5 damage)
             ... on level 1 of the Dungeon.
             The game lasted 00:06:43 (306 turns).

zeref the Grave Robber (Vampire Necromancer)         Turns: 306, Time: 00:06:44

Health: 0/19       AC:  2    Str:  7    XL:     2   Next: 48%
Magic:  1/5        EV: 12    Int: 17    God:
Gold:   35         SH:  0    Dex: 14    Spells: 4/5 levels left

rFire   . . .      SeeInvis +   i - +0 short sword (drain)
rCold   . . .      Faith    .   (no shield)
rNeg    . . .      Spirit   .   a - +0 robe
rPois   .          Reflect  .   (no helmet)
rElec   .          Harm     .   (no cloak)
rCorr   .          Rampage  .   (no gloves)
Will    .....                   (no boots)
Stlth   ++........              (no amulet)
HPRegen 0.26/turn               c - ring of wizardry
MPRegen 0.09/turn               (no ring)

@: healing quickly
A: alive, fangs 3, see invisible, vampiric 1
a: Exsanguinate


You were on level 1 of the Dungeon.
You visited 1 branch of the dungeon, and saw 1 of its levels.

You collected 35 gold pieces.

Inventory:

Hand Weapons
 e - a +0 whip
 i - a +0 short sword of draining (weapon)
Missiles
 d - 2 javelins (quivered)
Armour
 a - a +0 robe (worn)
 j - a +0 plate armour
Jewellery
 c - a ring of wizardry (left hand)
 k - a ring of ice
Scrolls
 f - a scroll of noise {unknown}
 h - a scroll of blinking {unknown}
Potions
 b - a potion of flight {unknown}
 g - a potion of haste {unknown}


   Skills:
 + Level 2.2 Dodging
 + Level 3.1 Stealth
 + Level 2.2 Spellcasting
 + Level 5.0 Necromancy


You had 4 spell levels left.
You knew the following spells:

 Your Spells              Type           Power      Damage    Failure   Level
a - Pain                  Necr           72%        1d7       1%          1

Your spell library contained the following spells:

 Spells                   Type           Power      Damage    Failure   Level
 Animate Skeleton         Necr           36%        N/A       1%          1
 Vampiric Draining        Necr           18%        2d7       3%          3
 Animate Dead             Necr           9%         N/A       10%         4
 Agony                    Necr           18%        N/A       26%         5


Dungeon Overview and Level Annotations

Branches:
Dungeon (1/15)

Altars:


Innate Abilities, Weirdness & Mutations

Your natural rate of healing is accelerated.
You have razor-sharp teeth.
You have supernaturally acute eyesight. (SInv)
You are afflicted with vampirism.


Message History

The jackal bites you but does no damage.
The jackal bites you. The jackal misses you.
Casting: Pain (safe; 1% risk of failure)
Confirm with . or Enter, or press ? or * to list all spells.
You don't know that spell.
Casting: Pain (safe; 1% risk of failure)
Confirm with . or Enter, or press ? or * to list all spells.
You don't know that spell.
Unknown command.
Casting: Pain (safe; 1% risk of failure)
Confirm with . or Enter, or press ? or * to list all spells.
Aiming: Pain (safe; 1% risk of failure)
Press: ? - help, Shift-Dir - straight line, f - jackal
Aim: a jackal (chance to affect: 88%)
The jackal writhes in agony.
The jackal bites you. The jackal misses you.
Casting: Pain (safe; 1% risk of failure)
Confirm with . or Enter, or press ? or * to list all spells.
Aiming: Pain (safe; 1% risk of failure)
Press: ? - help, Shift-Dir - straight line, f/p - jackal
Aim: a jackal (almost dead, chance to affect: 88%)
The jackal barely resists.
The jackal bites you. The jackal misses you.
Casting: Pain (safe; 1% risk of failure)
Confirm with . or Enter, or press ? or * to list all spells.
Aiming: Pain (safe; 1% risk of failure)
Press: ? - help, Shift-Dir - straight line, f/p - jackal
Aim: a jackal (almost dead, chance to affect: 88%)
The jackal writhes in agony!
You kill the jackal!
The jackal bites you.
* * * LOW HITPOINT WARNING * * *
The jackal barely misses you.
Your Necromancy skill increases to level 5!
You hit the jackal. You drain the jackal.
The jackal is heavily wounded.
The jackal barely misses you.
You hit the jackal.
You kill the jackal!
The kobold closely misses you.
The kobold hits you with a +0 short sword.
You die...

.###
#.##.##..............#
.# #.
#.##..............# .#
#.##.##.........#....#
##
#.#..#..........#....#
#
#...............#....#
#
....###.........#....#
#### ...
#.........###### ...#
.r #....†K...# ##...#
#....@....# ....#
#.........# ....#
##.......## ....#
##.....## #####
#######


You could see a kobold.

Vanquished Creatures
  2 dart slugs (D:1)
  A bat (D:1)
  An endoplasm (D:1)
  A hobgoblin (D:1)
  4 jackals (D:1)
  4 ball pythons (D:1)
  A frilled lizard (D:1)
14 creatures vanquished.

Notes
Turn   | Place    | Note
-------+----------+-------------------------------------------
     0 | D:1      | zeref the Vampire Necromancer began the quest for the Orb.
     0 | D:1      | Reached XP level 1. HP: 13/13 MP: 3/3
   182 | D:1      | Reached XP level 2. HP: 16/19 MP: 0/5
   305 | D:1      | Reached skill level 5 in Necromancy
   306 | D:1      | Slain by a kobold

Illustrated notes

Levels and vault maps discovered:
D:1:      saegor_arrival_simple_b, layout_rooms

Skill      XL: |  1  2 |
---------------+-------+-----
Necromancy     | 5 |  5.0
Dodging        | |  2.2
Stealth        | |  3.1
Spellcasting   | |  2.2

Action                   || total
-------------------------++-------
Melee: Unarmed           ||     6
       Whip              ||     2
       Short sword       ||     3
       Bite              ||     1
 Cast: Pain              ||    24
 Stab: Sleeping          ||     1
Armor: Robe              ||     3
Dodge: Dodged            ||    34
